 Dungeon Crawl Stone Soup version 0.30-a0-622-gddc90eaa04 (webtiles) character file.

Game seed: 12632034963740422440

3941 Leeroy the Slicer (level 10, 0/56 HPs)
             Began as a Kobold Enchanter on Jan 10, 2023.
             Slain by an orc
             ... wielding a +0 dagger
              (4 damage)
             ... on level 8 of the Dungeon.
             The game lasted 00:18:18 (9688 turns).

Leeroy the Slicer (Kobold Enchanter)                Turns: 9688, Time: 00:18:19

Health: 0/56       AC:  2    Str:  5    XL:     10   Next: 44%
Magic:  1/13       EV: 20    Int: 17    God:
Gold:   363        SH:  0    Dex: 20    Spells: 2/13 levels left

rFire   x . .      SeeInvis .    a - +1 dagger
rCold   + . .      Faith    .    (no shield)
rNeg    . . .      Spirit   .    b - +0 robe
rPois   .          Reflect  .    (no helmet)
rElec   .          Harm     .    (no cloak)
rCorr   .          Rampage  .    (no gloves)
Will    .....                    (no boots)
Stlth   ++++++                   (no amulet)
HPRegen 0.29/turn                s - +5 ring of evasion
MPRegen 0.13/turn                w - ring of ice

@: mighty, flying, studying 2 skills, invisible
A: small, no large weapons, nightstalker 3
a: no special abilities


You were on level 8 of the Dungeon.
You visited 1 branch of the dungeon, and saw 8 of its levels.
You also visited: Bailey.

You collected 363 gold pieces.

Inventory:

Hand Weapons
 a - a +1 dagger (weapon)
 A - a +0 flail
 D - a +0 long sword
Missiles
 J - a curare-tipped dart (quivered)
Armour
 b - a +0 robe (worn)
Magical Staves
 y - a staff of poison
 B - a staff of earth
Jewellery
 s - a +5 ring of evasion (left hand)
 w - a ring of ice (right hand)
 E - a +6 ring of dexterity
 K - a ring of see invisible
Wands
 m - a wand of flame (26)
 q - a wand of mindburst (12)
 r - a wand of polymorph (8)
 C - a wand of charming (3)
Scrolls
 d - 3 scrolls of noise {unknown}
 e - 4 scrolls of enchant weapon
 h - 7 scrolls of identify {unknown}
 j - 2 scrolls of blinking {unknown}
 k - 2 scrolls of silence {unknown}
 l - 2 scrolls of immolation {unknown}
 n - 3 scrolls of magic mapping {unknown}
 p - 4 scrolls of teleportation {unknown}
 u - a scroll of fog {unknown}
 F - a scroll of poison {unknown}
 G - a scroll of amnesia {unknown}
 I - a scroll of acquirement {unknown}
Potions
 f - 2 potions of flight
 i - a potion of berserk rage {unknown}
 o - 2 potions of attraction {unknown}
 t - 2 potions of haste {unknown}
 v - a potion of might
 x - 5 potions of curing {unknown}
 z - 3 potions of degeneration {unknown}
 H - a potion of lignification {unknown}


   Skills:
 * Level 3.9 Fighting
 - Level 11.8 Short Blades
 - Level 2.4 Dodging
 - Level 10.7 Stealth
 - Level 2.1 Spellcasting
 - Level 8.4 Hexes
 - Level 2.7 Ice Magic


You had 2 spell levels left.
You knew the following spells:

 Your Spells              Type           Power      Damage    Failure   Level
a - Ensorcelled Hibernat  Hex/Ice        62%        N/A       3%          2
b - Confusing Touch       Hex            30%        N/A       1%          3
c - Dazzling Flash        Conj/Hex       32%        N/A       10%         3
d - Tukima's Dance        Hex            30%        N/A       1%          3

Your spell library contained the following spells:

 Spells                   Type           Power      Damage    Failure   Level
 Beastly Appendage        Tmut           2%         N/A       19%         1
 Magic Dart               Conj           4%         1d3       19%         1
 Sting                    Tmut/Pois      4%         1d3       19%         1
 Call Imp                 Summ           1%         N/A       28%         2
 Poisonous Vapours        Pois/Air       2%         N/A       28%         2
 Wereblood                Tmut           1%         N/A       28%         2
 Ozocubu's Armour         Ice            16%        N/A       19%         3
 Mephitic Cloud           Conj/Pois/Air  1%         N/A       50%         3
 Spider Form              Tmut/Pois      1%         N/A       50%         3
 Silence                  Hex/Air        8%         N/A       67%         5
 Airstrike                Air            0%         2d(1-17)  88%         4
 Olgreb's Toxic Radiance  Pois           1%         N/A       88%         4
 Summon Lightning Spire   Summ/Air       1%         N/A       88%         4
 Agony                    Necr           1%         N/A       99%         5
 Lightning Bolt           Conj/Air       0%         1d11      99%         5
 Ozocubu's Refrigeration  Ice            8%         4d9       100%        7


Dungeon Overview and Level Annotations

Branches:
Dungeon (8/15)             Bailey (visited)
 Temple: D:4-7         Lair: D:8-11

Altars:
Ashenzari
Xom

Annotations:
D:5 2 transporters, Athor's ghost, novice FoGl


Innate Abilities, Weirdness & Mutations

You are small and have problems with some larger weapons.
You are completely attuned to the shadows.


Message History

Reactivating autopickup.
You feel a bit more experienced.
The centaur shoots an arrow.
The arrow completely misses you.
The centaur unwields a +0 shortbow.
The centaur hits you. The centaur kicks you. The orc misses you.
The kobold closely misses you.
Items here: ( )) [ †.
Casting: Ensorcelled Hibernation (safe; 3% risk of failure)
Confirm with . or Enter, or press ? or * to list all spells.
Casting: Dazzling Flash (dangerous; 10% risk of failure)
Press: ? - help, Dir - look around, f - activate The kobold is dazzled.
The centaur is dazzled.
The orc priest is dazzled.
The centaur misses you. The centaur closely misses you. The orc misses you.
The kobold misses you. The centaur hits you. The centaur misses you.
You puncture the centaur!
The centaur is severely wounded.
The orc hits you with a +0 dagger.
* * * LOW HITPOINT WARNING * * *
The kobold hits you with a +0 whip.
* * * LOW HITPOINT WARNING * * *
The centaur hits you.
* * * LOW HITPOINT WARNING * * *
The centaur closely misses you.
You fade into invisibility!
The centaur hits you.
* * * LOW HITPOINT WARNING * * *
The centaur misses you. The orc completely misses you. The kobold misses you.
The centaur hits you.
* * * LOW HITPOINT WARNING * * *
The centaur completely misses you.
The orc priest is no longer blind.
Things that are here:
a +0 club; 4 stones; a kobold corpse The kobold is no longer blind.
The centaur wields a +0 shortbow.
The centaur shoots an arrow.
The arrow barely misses the orc.
An orc priest and an orc come into view.
An orc comes into view. It is wielding a +0 hand axe.
An orc warrior comes into view. It is wielding a +0 flail.
The orc moves out of view.
The orc hits you with a +0 dagger.
You die...

.o..#.# .o.o..# .#
.....##.# ... #......# .
§§.. #...##.##.. .....
#@......... ........
#.o..#)##..# .........
#....#.# ..# ..........
#....#K##.o# ...........
.......c)..#
..).......................#
....................≈≈)≈≈.#
.................#..≈.))≈.#
.................#..≈>∩.≈.#


You could see an orc priest (wandering, unable to see you) and an orc (unable to
see you).

Vanquished Creatures
  An orc knight (Bailey)
  Joseph (D:7)
  Sigmund (D:5)
  A water moccasin (D:7)
  10 orc warriors (Bailey)
  An ice beast (D:6)
  2 sky beasts
  A centaur (D:7)
  3 ogres
  A phantom (D:7)
  2 bullfrogs
  2 kobold brigands (D:8)
  A gnoll sergeant (D:7)
  3 wights (D:6)
  A howler monkey (D:4)
  3 hounds
  5 orc priests
  A jelly (D:5)
  2 iguanas (D:5)
  Ijyb (D:3)
  2 orc wizards
  14 adders
  13 gnolls
  2 worms
  2 dart slugs (D:1)
  38 orcs
  3 bats
  11 endoplasms
  2 giant cockroaches (D:1)
  17 goblins
  9 hobgoblins
  4 jackals (D:1)
  5 quokkas
  5 ball pythons
  15 kobolds
  3 rats
188 creatures vanquished.

Vanquished Creatures (others)
  2 kobolds (D:8)
  11 plants (D:4)
13 creatures vanquished.

Grand Total: 201 creatures vanquished

Notes
Turn   | Place    | Note
-------+----------+-------------------------------------------
     0 | D:1      | Leeroy the Kobold Enchanter began the quest for the Orb.
     0 | D:1      | Reached XP level 1. HP: 10/10 MP: 3/3
   108 | D:1      | Reached XP level 2. HP: 14/15 MP: 5/5
   133 | D:1      | Reached skill level 5 in Stealth
   336 | D:1      | Found a faded altar of an unknown god.
   376 | D:1      | Reached XP level 3. HP: 12/19 MP: 6/6
   552 | D:1      | Learned a level 2 spell: Ensorcelled Hibernation
   556 | D:1      | Learned a level 3 spell: Confusing Touch
  1467 | D:2      | Reached XP level 4. HP: 9/24 MP: 2/7
  1476 | D:2      | HP: 1/24 [kobold/+0 dagger (1)]
  2900 | D:3      | Reached XP level 5. HP: 28/28 MP: 8/8
  2902 | D:3      | Noticed Ijyb
  3124 | D:3      | Killed Ijyb
  3125 | D:3      | Reached skill level 1 in Ice Magic
  3909 | D:4      | Reached XP level 6. HP: 32/32 MP: 2/9
  4013 | D:5      | Entered Level 5 of the Dungeon
  4821 | D:4      | Reached skill level 2 in Short Blades
  4958 | D:4      | Learned a level 3 spell: Dazzling Flash
  5013 | D:4      | Reached skill level 3 in Short Blades
  5013 | D:4      | Reached XP level 7. HP: 34/36 MP: 5/10
  5172 | D:4      | Reached skill level 4 in Short Blades
  5807 | D:5      | Reached skill level 5 in Short Blades
  5889 | D:5      | Found a broken altar of Ashenzari.
  5891 | D:5      | Found a shimmering altar of Xom.
  6174 | D:5      | Reached skill level 6 in Short Blades
  6190 | D:5      | Noticed Sigmund
  6194 | D:5      | Killed Sigmund
  6195 | D:5      | Reached skill level 7 in Short Blades
  6195 | D:5      | Reached XP level 8. HP: 41/41 MP: 11/11
  6253 | D:5      | Found a transporter.
  6253 | D:5      | Noticed Athor's ghost (novice FoGl)
  6259 | D:5      | Found a transporter.
  6785 | D:6      | Reached skill level 8 in Short Blades
  6850 | D:6      | Reached skill level 9 in Short Blades
  7861 | D:6      | Learned a level 3 spell: Tukima's Dance
  7872 | D:7      | Reached XP level 9. HP: 45/45 MP: 12/12
  7935 | D:7      | Reached skill level 5 in Hexes
  7940 | D:7      | Noticed Joseph
  7945 | D:7      | Killed Joseph
  8635 | D:8      | Found a flagged portal.
  8651 | Bailey   | Entered a bailey
  9103 | Bailey   | Reached skill level 10 in Stealth
  9316 | Bailey   | Reached XP level 10. HP: 50/50 MP: 6/13
  9420 | Bailey   | Reached skill level 10 in Short Blades
  9443 | Bailey   | Noticed an orc knight
  9449 | Bailey   | Killed an orc knight
  9450 | Bailey   | Reached skill level 11 in Short Blades
  9682 | D:8      | HP: 2/56 [centaur (1)]
  9688 | D:8      | Slain by an orc

Illustrated notes

Levels and vault maps discovered:
D:1:      scummos_arrival_hexagon, layout_loops_corners,
          hellmonk_ecumenical_altar_slurped_away, chequers_serial_rivers_marsh,
          reono_crystal_passage, minmay_crystal_room, minmay_misc_feat_chi,
          minmay_strange_pillars, kennysheep_nondescript, minivault_26
D:2:      layout_basic
D:3:      layout_basic, uniq_ijyb
D:4:      layout_loops_ring, serial_park_tiny_pond, minmay_door_square,
          guppyfry_early_lair_pool
D:5:      layout_basic, nicolae_overflow_squiral, gammafunk_ghost_mausoleum,
          uniq_sigmund
D:6:      layout_loops_ring
D:7:      layout_cave_pools, lemuel_temple_firewalk_b, bh_walls_and_bars,
          uniq_joseph
D:8:      layout_basic, enter_bailey_5, hangedman_ranch

Skill      XL: |  1  2  3  4  5  6  7  8  9 10 |
---------------+-------------------------------+-----
Stealth        | 5 6 7 8 9 10 | 10.7
Ice Magic      | 1 2 |  2.7
Short Blades   | 3 7 9 11 | 11.8
Hexes          | 4 8 |  8.4
Fighting       | 3 |  3.9
Dodging        | |  2.4
Spellcasting   | |  2.1

Action                   |  1- 3 |  4- 6 |  7- 9 | 10-12 || total
-------------------------+-------+-------+-------+-------++-------
Melee: Dagger            |   127 |   179 |   268 |    62 ||   636
       Punch             |       |     1 |     6 |     1 ||     8
Throw: Dart              |       |       |     1 |       ||     1
 Cast: Ensorcelled Hiber |     2 |    44 |    50 |    15 ||   111
       Confusing Touch   |       |       |     4 |       ||     4
       Tukima's Dance    |       |       |     3 |       ||     3
       Dazzling Flash    |       |       |       |     1 ||     1
Evoke: Wand              |       |       |       |     1 ||     1
  Use: Potion            |       |     2 |     4 |     5 ||    11
 Stab: Sleeping          |    16 |    37 |    49 |    17 ||   119
       Distracted        |       |     1 |       |       ||     1
       Confused          |       |       |     3 |       ||     3
       Invisible         |       |       |     1 |       ||     1
Armor: Robe              |    24 |    19 |    11 |     2 ||    56
Dodge: Dodged            |   104 |   145 |   181 |    84 ||   514

Table legend: (Time is in decaauts)
 A = Elapsed time spent in this place.
 B = Non-inter-level travel time spent in this place.
 C = Inter-level travel time spent in this place.
 D = Time resting spent in this place.
 E = Time spent auto-exploring this place.
 F = Levels seen in this place.
 G = Mean time per level.
                   A        B        C        D        E       F      G
               +--------+--------+--------+--------+--------+-----+--------+
         Total |   9617 |   9368 |    249 |    532 |   6786 |   9 | 1068.6 |
       Dungeon |   8605 |   8356 |    249 |    230 |   6503 |   8 | 1075.6 |
        Bailey |   1011 |   1011 |      0 |    302 |    282 |   1 | 1011.0 |
               +--------+--------+--------+--------+--------+-----+--------+

Top non-repeatable levels by time:
     D:4: 1610 daAuts
     D:3: 1574 daAuts
     D:1: 1215 daAuts
     D:5: 1189 daAuts
     D:2: 1153 daAuts
     D:6: 1116 daAuts
  Bailey: 1011 daAuts
     D:7: 469 daAuts
     D:8: 275 daAuts
